 Dungeon Crawl Stone Soup version 0.31-a0-237-g2d982f9f85 (webtiles) character file.

Game seed: 5860367263854725555

200 BillyBaka the Cutter (level 5, -5/28 HPs)
             Began as a Vine Stalker Monk on July 11, 2023.
             Was a Believer of the Shining One.
             Engulfed by a cloud of flame (18 damage)
             ... on level 3 of the Dungeon.
             The game lasted 00:10:06 (2602 turns).

BillyBaka the Cutter (Vine Stalker Monk)            Turns: 2602, Time: 00:10:07

Health: -5/28      AC:  2    Str: 13    XL:     5   Next: 79%
Magic:  0/6        EV: 13    Int: 10    God:    the Shining One [**....]
Gold:   113        SH:  0    Dex: 19    Spells: 4/4 levels left

rFire   . . .        a - +0 short sword
rCold   . . .        d - orb {light}
rNeg    + . .        b - +0 robe
rPois   +            (no helmet)
rElec   .            (no cloak)
rCorr   .            (no gloves)
SInv    .            (no boots)
Will    .....        q - amulet of magic regeneration
Stlth   +            o - ring of poison resistance
HPRegen 1.04/turn    p - ring of flight
MPRegen 0.50/turn

%: guardian spirit
@: flying, glowing
A: fangs 2, regeneration 1, magic shield, antimagic bite, no potion heal 2
a: Renounce Religion, Divine Shield


You were on level 3 of the Dungeon.
You worshipped the Shining One.
The Shining One was pleased with you.
You visited 1 branch of the dungeon, and saw 3 of its levels.

You collected 113 gold pieces.

Inventory:

Hand Weapons
 a - a +0 short sword (weapon)
Armour
 b - a +0 robe (worn)
 d - an orb of light (worn)
 v - a +0 hat
Magical Staves
 r - a staff of fire
Jewellery
 o - a ring of poison resistance (left hand)
 p - a ring of flight (right hand)
 q - an amulet of magic regeneration (around neck)
 t - a ring of fire
Scrolls
 c - 2 scrolls of fog {unknown}
 g - a scroll of torment {unknown}
 l - a scroll of butterflies {unknown}
 m - a scroll of brand weapon {unknown}
 n - 2 scrolls of teleportation {unknown}
 s - 2 scrolls of identify {unknown}
Potions
 e - a potion of enlightenment {unknown}
 f - a potion of might {unknown}
 h - a potion of curing {unknown}
 i - a potion of haste {unknown}
 j - 2 potions of invisibility {unknown}
 k - a potion of berserk rage {unknown}
 u - a potion of attraction {unknown}


   Skills:
 + Level 3.5 Fighting
 * Level 4.1 Short Blades
 + Level 3.2 Dodging
 + Level 2.7 Stealth


You had 4 spell levels left.
You didn't know any spells.
Your spell library contained the following spells:

 Spells                   Type           Power      Damage    Failure   Level
 Ensorcelled Hibernation  Hex/Ice        0%         N/A       50%         2
 Sublimation of Blood     Necr           0%         N/A       50%         2
 Spider Form              Tmut/Pois      0%         N/A       75%         3
 Anguish                  Hex/Necr       0%         N/A       98%         4
 Olgreb's Toxic Radiance  Pois           0%         N/A       98%         4
 Petrify                  Tmut/Erth      0%         N/A       98%         4
 Irradiate                Conj/Tmut      0%         3d11      100%        5
 Discord                  Hex            0%         N/A       100%        8
 Ignition                 Fire           0%         3d3       100%        8


Dungeon Overview and Level Annotations

Branches:
Dungeon (3/15)

Altars:
Fedhas
Wu Jian
Xom
The Shining One

Shops:
D:1 [

Annotations:
D:3 1 runed translucent door, exclusion: door, Crazy Yiuf


Innate Abilities, Weirdness & Mutations

You have extremely sharp teeth.
Your natural rate of healing is unusually fast.
When hurt, damage is shared between your health and your magic reserves.
Your bite disrupts and absorbs the magic of your enemies.
Potions cannot restore your health.


Message History

You closely miss the goblin. Your bite misses the goblin.
The goblin is severely wounded.
The goblin closely misses you.
You closely miss the goblin.
The goblin is heavily wounded.
You closely miss the goblin. You bite the goblin. You drain its power.
The goblin is severely wounded.
The goblin closely misses you.
You hit the goblin.
You kill the goblin!
Really fly into a travel-excluded area?
You are engulfed in blazing flames.
Ouch! That really hurt!
You see here a +0 dagger.
You are engulfed in blazing flames.
The Shining One protects you from harm!
You are engulfed in blazing flames.
The Shining One protects you from harm!
Found a book of Weapons.
You see here a +0 hat.
v - a +0 hat You start resting.
Magic restored.
s - 2 scrolls labelled OXENIO ROSHERI (gained 1)
You see here a +0 whip.
Press: ? - help, v - describe, . - travel, g - get item Item here: a +0 whip.
The floor.
This square is lit by a halo.
You start resting.
HP restored.
You see here a +0 whip.
Really fly into a travel-excluded area?
Really fly into a travel-excluded area?
Really fly into that cloud of flame?
Okay, then.
You are engulfed in blazing flames.
Ouch! That really hurt!
You are engulfed in blazing flames.
Ouch! That really hurt!
You die...

..#.###.#...........#
.>......#.##.######.#
###...#####...# #.#
#...# #(°☼# #.# #..##
#§.○# #.# ###..#
#§§§# #.#
.....######...#####.#
####...☼°☼.)...§☼°).#
##..○.§...).○@○..#
##.°☼§.....§§§..#
######...#####.#
#§☼○# #.# #§°○# #.#
#☼☼°# #.# #...# #.#
##... .# #####


There were no monsters in sight!

Vanquished Creatures
  Jessica (D:2)
  3 gnolls (D:3)
  6 adders
  2 worms
  6 dart slugs
  5 ball pythons
  4 endoplasms
  6 giant cockroaches
  6 goblins
  10 hobgoblins
  5 quokkas
  8 bats
  2 frilled lizards
  5 kobolds
  9 rats
78 creatures vanquished.

Vanquished Creatures (others)
  A goblin (D:3)
1 creature vanquished.

Grand Total: 79 creatures vanquished

Notes
Turn   | Place    | Note
-------+----------+-------------------------------------------
     0 | D:1      | BillyBaka the Vine Stalker Monk began the quest for the
                  | Orb.
     0 | D:1      | Reached XP level 1. HP: 11/11 MP: 2/2
   220 | D:1      | Reached XP level 2. HP: 16/16 MP: 3/3
   220 | D:1      | Found Lyrour's Antique Armour Boutique.
   267 | D:1      | Reached skill level 3 in Short Blades
   289 | D:1      | Reached skill level 1 in Stealth
   506 | D:1      | Reached XP level 3. HP: 10/19 MP: 4/4
  1142 | D:2      | Noticed Jessica
  1162 | D:2      | Killed Jessica
  1163 | D:2      | Gained mutation: Your natural rate of healing is unusually
                  | fast. [Vine Stalker growth]
  1163 | D:2      | Reached XP level 4. HP: 3/24 MP: 3/5
  1225 | D:2      | Found a shimmering altar of Xom.
  1540 | D:2      | Reached XP level 5. HP: 24/28 MP: 6/6
  2065 | D:3      | Found an ornate altar of the Wu Jian Council.
  2120 | D:3      | Found a glowing golden altar of the Shining One.
  2126 | D:3      | Became a worshipper of the Shining One
  2126 | D:3      | Reached * piety under the Shining One
  2126 | D:3      | Reached ** piety under the Shining One
  2194 | D:3      | Reached skill level 4 in Short Blades
  2217 | D:3      | Found a blossoming altar of Fedhas.
  2498 | D:3      | Found a runed translucent door.
  2499 | D:3      | Noticed Crazy Yiuf
  2570 | D:3      | The Shining One protects you from harm!
  2571 | D:3      | The Shining One protects you from harm!
  2602 | D:3      | Engulfed by a cloud of flame

Illustrated notes

Levels and vault maps discovered:
D:1:      dpeg_arrival_arbitrary_c, layout_basic, serial_shops,
          nicolae_shop_overgrown_old_shop, minmay_heptomino_l4
D:2:      layout_basic, basic_altar, minmay_close_crescents, uniq_jessica
D:3:      layout_basic, nicolae_wu_jian_wuxing_cycle,
          mainiacjoe_overflow_six_doors_small, nicolae_overflow_crystal_walls,
          lemuel_flame_loot_1, uniq_crazy_yiuf_cottage

Skill      XL: |  1  2  3  4  5 |
---------------+----------------+-----
Short Blades   | 3 4 |  4.1
Stealth        | 1 2 |  2.7
Fighting       | 3 |  3.5
Dodging        | 3 |  3.2

Action                     |  1- 3 |  4- 6 || total
---------------------------+-------+-------++-------
  Melee: Short sword       |    99 |   135 ||   234
         Bite              |    36 |    41 ||    77
    Use: Potion            |     1 |       ||     1
 Armour: Robe              |    11 |    15 ||    26
  Dodge: Dodged            |    62 |    82 ||   144

Table legend: (Time is in decaauts)
 A = Elapsed time spent in this place.
 B = Non-inter-level travel time spent in this place.
 C = Inter-level travel time spent in this place.
 D = Time resting spent in this place.
 E = Time spent auto-exploring this place.
 F = Levels seen in this place.
 G = Mean time per level.
                   A        B        C        D        E       F      G
               +--------+--------+--------+--------+--------+-----+--------+
         Total |   2560 |   2468 |     92 |    131 |   1748 |   3 |  853.3 |
       Dungeon |   2560 |   2468 |     92 |    131 |   1748 |   3 |  853.3 |
               +--------+--------+--------+--------+--------+-----+--------+

Top non-repeatable levels by time:
     D:1: 1011 daAuts
     D:2: 998 daAuts
     D:3: 550 daAuts
